Bob, neutral male human Tourist --------------- |.............| |...---------.--- |.--- |...| |.| ---.--- ----- ---|(--- |...| |...-- --..|...| -------.---|....| |.......-- --...| |...|---..-- |....)...-- --...-- ---.---|...| ---.......---....| |...||.|.--- |)............-| ---.--.|...| ---..)<........-- ---....|--.r---- ..- |.|.....--....| |......--|.@G.........- |.|-.^.>||....------......|---..............| -----.||....|--....|.| |..*...| ...--- ....--- ---.--..--.---- |......| --....-| -..| ..- |..........| ---....| ---...-- --- |.......---- -----...-- |....| --.--..-- |..|....| |...-- ------- |...|.--- --..| ------- ---- Bob the Sightseer Experience level: 5 Strength: 13 Dexterity: 13 Constitution: 13 Intelligence: 16 Wisdom: 8 Charisma: 17 Health: 0(31) Energy: 16(16) AC: 8 Gold: 669 Moves: 1354 Your Inventory: Coins $ - 669 gold pieces Weapons a - 26 uncursed +2 darts (in quiver) n - an [uncursed +0] runed dagger [elven] (weapon in hand) Armor i - an uncursed +0 Hawaiian shirt (being worn) l - an [uncursed] +0 iron skull cap [orcish helm] (being worn) o - a [blessed] +0 leather jacket (being worn) q - an [uncursed] +0 hooded cloak [dwarvish] (being worn) Comestibles b - 6 uncursed food rations c - an uncursed tin of kobold meat d - 2 uncursed tripe rations e - an uncursed tin of goblin meat f - an uncursed slime mold Scrolls h - 4 uncursed scrolls of magic mapping m - an [uncursed] scroll labeled ANDOVA BEGARIN [of punishment] Potions g - 2 uncursed potions of extra healing p - a [cursed] potion of extra healing Wands r - an [uncursed] aluminum wand [of speed monster (0:6)] Tools j - an uncursed expensive camera (0:75) k - an uncursed credit card Spells known in the end: Name Level Category Fail Memory Your skills at the end: Fighting Skills Weapon Skills dart [Basic / Expert] Spellcasting Skills Final Attributes: You were devoutly aligned. Hunger level was 242. Your alignment was 15 / 16. Monster difficulty range was 0 - 4. Level difficulty was 3. You were lucky (1). You are dead. Vanquished creatures: 2 enormous rats a gray ooze a kitten a dwarf an acid blob 3 hobbits a large kobold a yellow mold 6 gnomes 2 jackals a fox 5 kobolds a goblin 2 sewer rats a lichen 5 newts 34 creatures vanquished. Voluntary challenges: You were an atheist. You were illiterate. You used a wielded weapon 12 times. You put on armor 4 times. You never genocided any monsters. You never polymorphed an object. You never changed form. You used no wishes. You never wrote Elbereth's name. You never encountered a bones level. You never used any Sokoban shortcuts. Dungeon overview: The Dungeons of Doom: levels 1 to 2 Level 1 a fountain a long staircase Level 2 stairs to The Gnomish Mines The Gnomish Mines: Level 3 <- You were here stairs to The Dungeons of Doom History has recorded: On T:1 you entered the Dungeons of Doom to retrieve the Amulet of Yendor! On T:211 you advanced to experience level 2. On T:557 you advanced to experience level 3. On T:566 you reached level 2 of The Dungeons of Doom. On T:771 you advanced to experience level 4. On T:941 you reached level 1 of The Gnomish Mines. On T:1005 you advanced to experience level 5. Latest messages: A cloud of gas puts you to sleep! The gnome lord shoots a crossbow bolt! You are hit by a crossbow bolt! [HP-7=24] The gnome lord shoots a crossbow bolt! You are hit by a crossbow bolt! [HP-8=16] The gnome lord shoots a crossbow bolt! You are hit by a crossbow bolt! [HP-5=11] The gnome lord shoots a crossbow bolt! You are almost hit by a crossbow bolt. [HP+1=12] You dream that you hear rumbling in the distance. The gnome lord swings his crossbow. The gnome lord hits! [HP-6=6] The gnome lord swings his crossbow. The gnome lord hits! [HP-4=2] The gnome lord swings his crossbow. The gnome lord hits! You die... Final status: Aloha Bob the Tourist... You died in The Gnomish Mines on dungeon level 3 with 931 points, and 669 pieces of gold, after 1354 moves. You were level 5 with a maximum of 31 hit points when you died.